 Dungeon Crawl Stone Soup version 0.30-b1-2-g02819fbbbe (webtiles) character file.

Game seed: 3964025750825565511

11 Alarkh the Insei (level 2, 23/24 HPs)
             Began as a Demonspawn Chaos Knight on May 21, 2023.
             Was a Plaything of Xom.
             Got out of the dungeon alive.
             The game lasted 00:00:19 (232 turns).

Alarkh the Insei (Demonspawn Chaos Knight)           Turns: 232, Time: 00:00:19

Health: 23/24      AC:  5    Str: 12    XL:     2   Next: 13%
Magic:  2/2        EV: 11    Int: 13    God:    Xom [..*...]
Gold:   46         SH:  0    Dex: 12    Spells: 1/1 levels left

rFire   . .          .
                       - Unarmed
rCold   . . .        (no shield)
rNeg    . . .        a - +2 leather armour
rPois   .            (helmet restricted)
rElec   .            (no cloak)
rCorr   .            (no gloves)
SInv    .            (no boots)
Will    .....        (no amulet)
Stlth   +            (no ring)
HPRegen 0.24/turn    (no ring)
MPRegen 0.08/turn

%: no passive effects
@: no status effects
A: antennae 1
a: Renounce Religion


You escaped.
You worshipped Xom.
You were a toy of Xom.
You visited 1 branch of the dungeon, and saw 1 of its levels.

You collected 46 gold pieces.

Inventory:

Missiles
 f - a throwing net
Armour
 a - a +2 leather armour (worn)
Magical Staves
 e - a staff of earth
Scrolls
 c - a scroll of identify {unknown}
 d - a scroll of blinking {unknown}
 h - a scroll of fog {unknown}
Potions
 g - a potion of lignification {unknown}
Miscellaneous
 b - a piece from Xom's chessboard (15/15) (quivered)


   Skills:
 - Level 3.0 Fighting
 - Level 1.7 Armour
 - Level 0.8 Dodging
 + Level 3.3 Unarmed Combat


You had one spell level left.
You didn't know any spells.
Your spell library contained the following spells:

 Spells                   Type           Power      Damage    Failure   Level
 Poisonous Vapours        Pois/Air       0%         N/A       52%         2
 Mephitic Cloud           Conj/Pois/Air  0%         N/A       75%         3
 Freezing Cloud           Conj/Ice/Air   0%         6-21      100%        5


Dungeon Overview and Level Annotations

Branches:
Dungeon (1/15)

Altars:


Innate Abilities, Weirdness & Mutations

You have a pair of small antennae on your head.


Message History

No target in view!
g - a glowing grey potion
Found a stone staircase leading down.
h - a scroll labelled VEBLETO ARUC A bat comes into view.
The bat hits you but does no damage.
A bat is nearby!
A bat is nearby!
You hit the bat.
You kill the bat!
You have reached level 2!
You feel monstrous as your demonic heritage exerts itself.
Your demonic ancestry asserts itself...
A pair of antennae grows on your head!
You see here a bat corpse.
A dart slug comes into view.
Unknown command.
You hit the dart slug.
The dart slug is heavily wounded.
You hit the dart slug. You punch the dart slug.
The dart slug is almost dead.
The dart slug bites you.
You hit the dart slug but do no damage.
The dart slug is almost dead.
The dart slug launches a dart at you. The slug dart hits you.
You hit the dart slug but do no damage.
The dart slug is almost dead.
You hit the dart slug.
You kill the dart slug!
No target in view!
No target in view!
No target in view!
No target in view!
No target in view!
Found 5 gold pieces.
Found 4 gold pieces.
There is a staircase leading out of the dungeon here.
Are you sure you want to leave the Dungeon?
This will make you lose the game!
You have escaped!

#......................#######...
#.$.....##...###..........#####..
#.......##.....##......#......#..
#.......##...#.........#......##.
#.....###...###...###...........#
#.....#.............#........##..
######.............#....###.###.
#...###...###.....#.....###.
#...#......@#...#..####.....
#...#.......#...#...........
##.............#....###.#.#.
#......#......#...# #...#.
###.............##..####..##.
#....#.......#...#........##.
###....#>......#......#####.##.
###......###...###.......# #..##
#...###.............#†......##.#.


There were no monsters in sight!

Vanquished Creatures
  A dart slug (D:1)
  A ball python (D:1)
  An endoplasm (D:1)
  A goblin (D:1)
  A kobold (D:1)
  A quokka (D:1)
  A bat (D:1)
  A rat (D:1)
8 creatures vanquished.

Notes
Turn   | Place    | Note
-------+----------+-------------------------------------------
     0 | D:1      | Alarkh the Demonspawn Chaos Knight began the quest for the
                  | Orb.
     0 | D:1      | Reached XP level 1. HP: 18/18 MP: 1/1
   190 | D:1      | Discovered your monstrous ancestry.
   190 | D:1      | Gained mutation: You have a pair of small antennae on your
                  | head. [demonic ancestry]
   190 | D:1      | Reached XP level 2. HP: 24/24 MP: 2/2
   232 | D:$      | Got out of the dungeon alive.

Illustrated notes

Levels and vault maps discovered:
D:1:      minmay_arrival_open_corners, layout_rooms, minivault_14

Skill      XL: |  1 |
---------------+----+-----
Unarmed Combat | 3 |  3.3
Fighting       | |  3.0
Armour         | |  1.7
Dodging        | |  0.8

Action                     || total
---------------------------++-------
  Melee: Unarmed           ||    19
         Punch             ||     1
 Armour: Leather armour    ||     3
  Dodge: Dodged            ||     8
